 Dungeon Crawl Stone Soup version 0.28-a0-1565-g95a8017c83 (webtiles) character file.

Game seed: 15976541647925802538

2773 kae the Insei (level 9, -2/76 HPs)
             Began as a Green Draconian Transmuter on Jan 19, 2022.
             Was an Initiate of Ru.
             Slain by an orc (5 damage)
             ... in a bailey.
             The game lasted 00:05:57 (8553 turns).

kae the Insei (Green Draconian Transmuter)          Turns: 8553, Time: 00:05:57

Health: -2/76      AC:  7    Str: 12    XL:     9   Next: 42%
Magic:  13/15      EV: 11    Int: 17    God:    Ru [......]
Gold:   195        SH:  0    Dex: 13    Spells: 8/16 levels left

rFire   x . .      SeeInvis .     - Unarmed
rCold   + + +      Faith    .   (shield currently unavailable)
rNeg    . . .      Spirit   .   (armour unavailable)
rPois   +          Reflect  .   (helmet currently unavailable)
rElec   .          Harm     .   (cloak currently unavailable)
rCorr   +          Rampage  .   (gloves currently unavailable)
Will    .....                   (boots currently unavailable)
Stlth   +.........              (no amulet)
HPRegen 0.22/turn               g - ring of resist corrosion
MPRegen 0.14/turn               (no ring)

@: ice-form, unable to read
A: freezing attack, amphibious, boosted hp, (breathe noxious fumes), AC +7,
large, unfitting armour, (poison resistance), (cold-blooded), frail 1, (shaggy
fur 1), inability to read while threatened
a: End Transformation, Renounce Religion


You were in a bailey.
You worshipped Ru.
Ru was noncommittal.
You were a creature of crystalline ice.
You visited 2 branches of the dungeon, and saw 8 of its levels.
You also visited: Bailey.

You collected 195 gold pieces.

Inventory:

Armour
 h - a +0 pair of gloves (melded)
Jewellery
 g - a ring of resist corrosion (left front paw)
 j - an amulet of faith
Scrolls
 e - a scroll of amnesia
 f - 3 scrolls of teleportation
Potions
 a - a potion of magic
 b - a potion of attraction
 c - a potion of degeneration
 d - 3 potions of mutation
 i - a potion of heal wounds {unknown}
 l - a potion of haste {unknown}


   Skills:
 + Level 4.7 Fighting
 + Level 4.4 Dodging
 * Level 6.9 Unarmed Combat
 + Level 4.3 Spellcasting
 * Level 6.5 Transmutations
 - Level 5.0 Ice Magic
 - Level 2.4 Poison Magic


You had 8 spell levels left.
You knew the following spells:

 Your Spells              Type           Power      Damage    Failure   Level
a - Beastly Appendage     Tmut           50%        N/A       1%          1
b - Spider Form           Tmut/Pois      18%        N/A       8%          3
c - Ice Form              Ice/Tmut       23%        N/A       14%         4

Your spell library contained the following spells:

 Spells                   Type           Power      Damage    Failure   Level
 Wereblood                Tmut           25%        N/A       1%          2
 Ensorcelled Hibernation  Hex/Ice        24%        N/A       9%          2
 Anguish                  Hex/Necr       1%         N/A       83%         4
 Animate Dead             Necr           1%         N/A       83%         4
 Borgnjor's Vile Clutch   Necr/Erth      1%         N/A       99%         5
 Death Channel            Necr           1%         N/A       100%        6


Dungeon Overview and Level Annotations

Branches:
Dungeon (7/15)             Temple (1/1) D:6          Bailey (1/1)

Altars:
Ashenzari
Cheibriados
Dithmenos
Elyvilon
Fedhas
Gozag
Hepliaklqana
Makhleb
Nemelex Xobeh
Okawaru
Qazlal
Ru
Sif Muna
Uskayaw
Vehumet
Wu Jian
Xom
Yredelemnul
Zin
The Shining One

Annotations:
D:6 3 runed translucent doors, Yorgos's ghost, novice GrMo; p0werm0de's ghost, novice MiCK


Innate Abilities, Weirdness & Mutations

You are a creature of crystalline ice.
You have a powerful freezing melee attack.
You are amphibious.
Your maximum health is increased.
Your armour is entirely melded.
You are incapable of wielding weapons or throwing items.
((You can breathe blasts of noxious fumes.))
((Your lurid green scales are hard. (AC +7)))
You cannot fit into any form of body armour.
((Your system is resistant to poisons. (rPois)))
((You are cold-blooded and may be slowed by cold attacks.))
You are frail. (-10% HP)
((You are covered in fur. (AC +1)))
You sometimes lose the ability to read scrolls when taking damage.


Message History

You pummel the orc!! You freeze the orc.
You kill the orc!
The centaur throws a javelin.
The javelin pierces through you! The orc closely misses you.
The orc closely misses you. The orc misses you.
You hit the orc. You freeze the orc.
You kill the orc!
The orc hits you but does no damage.
The centaur hits you but does no damage.
The orc hits you from afar with a +0 spear.
The orc closely misses you.
The orc hits you from afar with a +0 trident!
You feel threatened and lose the ability to read scrolls!
The centaur hits you from afar with a +0 halberd!
The orc barely misses you. The centaur barely misses you.
The centaur kicks you but does no damage.
The orc misses you. The orc hits you with a +0 trident.
The orc hits you but does no damage.
You hit the centaur but do no damage. The centaur hits you with a +0 halberd.
The centaur closely misses you. The orc hits you with a +0 trident.
The orc barely misses you.
The centaur hits you but does no damage.
The centaur kicks you but does no damage.
The orc hits you from afar with a +0 trident.
You hit the centaur but do no damage. The orc barely misses you.
The centaur hits you with a +0 halberd!
* * * LOW HITPOINT WARNING * * *
The centaur barely misses you.
An orc comes into view. It is wielding a +0 trident.
The orc closely misses you. The orc barely misses you.
The orc hits you from afar with a +0 trident.
* * * LOW HITPOINT WARNING * * *
You hit the centaur but do no damage. The centaur closely misses you.
The centaur kicks you.
* * * LOW HITPOINT WARNING * * *
The orc hits you from afar with a +0 halberd.
* * * LOW HITPOINT WARNING * * *
The orc hits you with a +0 trident.
You die...

.≈.≈.≈.⌠∩⌠.≈.≈.≈
#o≈.≈.≈≈...≈≈.≈.≈
#.≈.≈≈.≈...≈.≈≈.≈
#.≈≈.≈.≈≈≈≈≈.≈.≈≈
#.≈.≈≈..)..≈≈.≈.
#o≈≈.≈≈≈.≈≈≈.≈≈.
#..≈≈.)≈.≈..≈≈..
#.⌠.≈≈≈.o)≈≈≈.⌠.
##...oY≈≈≈≈....#
#####cooo.#####
#######


You could see a centaur and 7 orcs.

Vanquished Creatures
  Maggie (D:6)
  6 humans (D:6)
  An orc warrior (D:6)
  3 sky beasts
  A black bear (D:6)
  An ogre (D:4)
  A necrophage (D:6)
  A centaur (D:6)
  A kobold brigand (D:7)
  A scorpion (D:5)
  A howler monkey (D:5)
  A gnoll shaman (D:6)
  A hound (D:5)
  2 centaur skeletons
  A bullfrog skeleton (D:6)
  4 jellies
  3 orc priests (D:4)
  2 iguanas
  4 orc wizards
  A howler monkey zombie (D:6)
  10 gnolls
  8 adders
  An ufetubus (D:5)
  An adder skeleton (D:5)
  2 dart slugs
  14 orcs
  5 endoplasms
  4 giant cockroaches
  10 goblins
  4 hobgoblins
  2 jackals (D:4)
  3 quokkas
  6 ball pythons
  5 bats
  7 frilled lizards
  9 kobolds
  5 rats
133 creatures vanquished.

Vanquished Creatures (others)
  A plant (D:5)
  5 withered plants (D:6)
6 creatures vanquished.

Grand Total: 139 creatures vanquished

Notes
Turn   | Place    | Note
-------+----------+-------------------------------------------
     0 | D:1      | kae the Draconian Transmuter began the quest for the Orb.
     0 | D:1      | Reached XP level 1. HP: 16/16 MP: 3/3
   226 | D:1      | Reached XP level 2. HP: 21/23 MP: 3/5
  1061 | D:2      | Reached XP level 3. HP: 28/28 MP: 4/6
  1065 | D:2      | Learned a level 3 spell: Spider Form
  1150 | D:2      | Found a faded altar of an unknown god.
  2371 | D:3      | Reached XP level 4. HP: 35/35 MP: 0/7
  2486 | D:3      | Found a glowing golden altar of the Shining One.
  2627 | D:3      | Reached skill level 1 in Poison Magic
  3039 | D:4      | Reached XP level 5. HP: 32/41 MP: 6/8
  3172 | D:4      | Learned a level 4 spell: Ice Form
  3270 | D:4      | Gained mutation: You are frail. (-10% HP) [potion of
                  | mutation]
  3270 | D:4      | Gained mutation: You sometimes lose the ability to read
                  | scrolls when taking damage. [potion of mutation]
  3270 | D:4      | Gained mutation: You are covered in fur. (AC +1) [potion of
                  | mutation]
  3273 | D:4      | HP: 2/54 [poisoned by a gnoll]
  3482 | D:4      | Noticed an ogre
  3737 | D:3      | Reached XP level 6. HP: 19/43 MP: 9/9
  3915 | D:4      | Reached skill level 1 in Ice Magic
  4324 | D:4      | Noticed a sky beast
  4333 | D:4      | Killed a sky beast
  4988 | D:4      | Your scales start taking on a lurid green colour.
  4988 | D:4      | Reached XP level 7. HP: 26/50 MP: 8/11
  4988 | D:4      | Gained mutation: Your system is resistant to poisons.
                  | (rPois) [Green Draconian growth]
  5194 | D:5      | Entered Level 5 of the Dungeon
  5634 | D:5      | Found a hazy altar of Hepliaklqana.
  5910 | D:5      | Reached skill level 5 in Unarmed Combat
  6590 | D:6      | Noticed a human
  6590 | D:6      | Noticed a human
  6609 | D:6      | Killed a human
  6610 | D:6      | Reached XP level 8. HP: 30/56 MP: 8/12
  6623 | D:6      | Reached skill level 5 in Transmutations
  7169 | D:6      | Found a staircase to the Ecumenical Temple.
  7181 | D:6      | Found an ornate altar of the Wu Jian Council.
  7218 | D:6      | Reached XP level 9. HP: 34/63 MP: 10/15
  7240 | Temple   | Entered the Ecumenical Temple
  7527 | Temple   | Became a worshipper of Ru the Awakened
  7645 | D:6      | Noticed Maggie
  7654 | D:6      | Killed Maggie
  7655 | D:6      | Reached skill level 5 in Ice Magic
  8063 | D:6      | Found a runed translucent gate.
  8063 | D:6      | Found a runed translucent gate.
  8064 | D:6      | Found a runed translucent gate.
  8066 | D:6      | Noticed Yorgos's ghost (novice GrMo)
  8066 | D:6      | Noticed p0werm0de's ghost (novice MiCK)
  8133 | D:6      | Found a hide-covered altar of Uskayaw.
  8459 | D:7      | Found a flagged portal.
  8534 | Bailey   | Entered a bailey
  8553 | Bailey   | HP: 3/76 [orc (5)]
  8553 | Bailey   | Slain by an orc

Illustrated notes

Levels and vault maps discovered:
D:1:      dpeg_arrival_shrine, layout_rooms, minmay_tree_intersection,
          minmay_misc_feat_more_columns, minmay_crystal_room
D:2:      layout_basic, shapermc_ecumenical_altar_pompeii
D:3:      layout_loops_ring, general_overflow_altar, fountainhead,
          minmay_bisected
D:4:      layout_loops_ring
D:5:      layout_cave_pods, overflow_temple_1_default, abandoned_shop,
          serial_bayou_crossing
D:6:      minmay_evil_eye, layout_loops_ring, mainiacjoe_overflow_tiny_flanked,
          nicolae_overflow_hidden_temple, temple_statues,
          gammafunk_ghost_cemetery, minmay_ruffians, uniq_maggie
D:7:      layout_rooms, trog_three_pillars_becter, enter_bailey_5, uniq_duvessa
Temple:   nicolae_temple_elliptical
Bailey:   bailey_polearm_flooded_kennysheep, bailey

Skill      XL: |  1  2  3  4  5  6  7  8  9 |
---------------+----------------------------+-----
Dodging        | 2 3 4 |  4.4
Poison Magic   | 1 2 |  2.4
Transmutations | 3 4 5 6 |  6.5
Fighting       | 2 3 4 |  4.7
Unarmed Combat | 4 5 6 |  6.9
Ice Magic      | 2 3 4 5 |  5.0
Spellcasting   | 3 4 |  4.3

Action                   |  1- 3 |  4- 6 |  7- 9 || total
-------------------------+-------+-------+-------++-------
Melee: Unarmed           |   127 |   109 |   172 ||   408
       Kick              |    13 |     8 |     4 ||    25
       Headbutt          |     9 |     4 |       ||    13
       Tailslap          |    12 |     4 |       ||    16
       Punch             |     4 |     3 |       ||     7
 Cast: Beastly Appendage |    24 |    11 |     2 ||    37
       Spider Form       |     1 |    10 |     9 ||    20
       Ice Form          |       |       |    12 ||    12
 Abil: Breathe Noxious F |       |       |     5 ||     5
  Use: Scroll            |     7 |     2 |     4 ||    13
       Potion            |       |     6 |       ||     6
 Stab: Confused          |       |       |     6 ||     6
Armor: Skin              |    34 |    30 |    51 ||   115
Dodge: Dodged            |    71 |    76 |   138 ||   285

Table legend: (Time is in decaauts)
 A = Elapsed time spent in this place.
 B = Non-inter-level travel time spent in this place.
 C = Inter-level travel time spent in this place.
 D = Time resting spent in this place.
 E = Time spent auto-exploring this place.
 F = Levels seen in this place.
 G = Mean time per level.
                   A        B        C        D        E       F      G
               +--------+--------+--------+--------+--------+-----+--------+
         Total |   8532 |   8286 |    246 |    499 |   6661 |   9 |  948.0 |
       Dungeon |   8206 |   7996 |    210 |    499 |   6405 |   7 | 1172.3 |
        Temple |    307 |    271 |     36 |      0 |    256 |   1 |  307.0 |
        Bailey |     18 |     18 |      0 |      0 |      0 |   1 |   18.0 |
               +--------+--------+--------+--------+--------+-----+--------+

Top non-repeatable levels by time:
     D:3: 1749 daAuts
     D:6: 1668 daAuts
     D:4: 1649 daAuts
     D:5: 1260 daAuts
     D:1: 925 daAuts
     D:2: 860 daAuts
  Temple: 307 daAuts
     D:7: 92 daAuts
  Bailey: 18 daAuts
